Map: Moonlight Madness LE (Void)

Players

Monty - Winner!

  • Race: Protoss Protoss
  • League: Master

TgfB

  • Race: Protoss Protoss
  • League: Master

Event: Lycan League Weekly August #3

VOD

Have the link to the VOD?

Description

Time

  • Played on: Aug. 17, 2015, 12:33 p.m.
  • Length: 6:32

All games in this series

Show
View Real Time Build Order
Export as new Build Order

Monty Protoss - Winner!

Build Orders: Oracle Opening 

Get SALT Encoding   

  12  0:01  Probe  
  13  0:14  Pylon  
  13  0:18  Probe  
  14  0:32  Probe (Chrono Boost)  
  15  0:35  Gateway  
  15  0:42  Probe (Chrono Boost)  
  16  0:49  Probe  
  17  0:50  Assimilator  
  17  0:54  Assimilator  
  17  1:01  Probe (Chrono Boost)  
  18  1:08  Gateway  
  19  1:12  Probe (Chrono Boost)  
  19  1:18  Probe (Chrono Boost)  
  19  1:24  Cybernetics Core  
  20  1:30  Probe  
  21  1:36  Pylon  
  21  1:42  Probe  
  26  2:01  Warp Gate  
  26  2:03  Adept (Chrono Boost)  
  26  2:05  Adept (Chrono Boost)  
  26  2:06  Mothership Core  
  28  2:15  Pylon  
  28  2:31  Stargate  
  28  2:32  Stalker  
  29  2:38  Probe  
  30  2:45  Stalker  
  32  2:52  Pylon  
  32  3:14  Oracle (Chrono Boost)  
  32  3:15  Gateway  
  35  3:22  Probe  
  36  3:33  Twilight Council  
  36  3:35  Pylon  
  36  4:12  Blink (Chrono Boost)  
  34  4:27  Stalker x3  
  40  4:37  Probe  
  41  4:39  Nexus  
  41  4:42  Pylon  
  41  4:49  Probe  
  42  4:57  Stalker  
  42  4:59  Stalker  
  46  5:07  Stalker  
  46  5:29  Stalker x2  
  50  5:36  Stalker  
  52  5:48  Pylon  
  52  5:53  Probe  
  52  5:54  Probe, Oracle (Chrono Boost)  
  57  6:05  Probe  
  58  6:17  Stalker  
  60  6:19  Stalker  
Show
View Real Time Build Order
Export as new Build Order

TgfB Protoss 

Build Orders:  

Get SALT Encoding   

  12  0:01  Probe  
  13  0:13  Pylon  
  13  0:17  Probe  
  14  0:31  Probe (Chrono Boost)  
  14  0:34  Gateway  
  16  0:43  Probe (Chrono Boost), Assimilator  
  17  0:50  Probe (Chrono Boost)  
  17  1:00  Probe (Chrono Boost)  
  17  1:01  Assimilator  
  18  1:12  Probe (Chrono Boost)  
  18  1:13  Gateway  
  19  1:20  Probe (Chrono Boost)  
  19  1:24  Cybernetics Core  
  20  1:32  Pylon  
  20  1:34  Probe  
  21  1:46  Probe  
  22  1:58  Probe  
  18  2:01  Stalker x2  
  23  2:04  Warp Gate (Chrono Boost)  
  27  2:11  Mothership Core (Chrono Boost)  
  29  2:19  Pylon  
  29  2:26  Probe (Chrono Boost)  
  34  2:37  Adept x2  
  34  2:48  Twilight Council  
  34  2:55  Probe  
  33  3:01  Gateway  
  29  3:07  Probe  
  31  3:20  Probe  
  31  3:32  Probe  
  32  3:44  Probe  
  32  3:45  Pylon  
  33  3:56  Probe, Robotics Facility  
  32  4:08  Probe (Chrono Boost)  
  30  4:10  Shield Upgrade (Chrono Boost)  
  30  4:17  Stalker  
  31  4:20  Probe (Chrono Boost)  
  28  4:29  Probe (Chrono Boost)  
  29  4:37  Probe  
  30  4:49  Nexus  
  30  4:54  Sentry  
  30  4:58  Probe  
  33  5:10  Probe  
  34  5:17  Adept  
  36  5:22  Probe  
  36  5:24  Adept  
  37  5:32  Pylon  
  37  5:36  Probe  
  38  5:50  Probe  
  38  5:54  Robotics Facility  
  39  6:02  Probe  
  40  6:06  Sentry x2  
  40  6:08  Probe  
  45  6:19  Adept  

Tags
 
Add a new tag
Caveats
  • Supply blocks, unpowered buildings, or Contaminate may cause inaccurate times.
  • Supply counts are checked every 10 seconds.